 Dungeon Crawl Stone Soup version 0.30-a0-354-g6b83867211 (webtiles) character file.

Game seed: 18420066208550745381

213 blackman the Slasher (level 6, -4/47 HPs)
             Began as a Human Delver on Nov 7, 2022.
             Slain by Sigmund
             ... wielding a +2 scythe of protection
              (12 damage)
             ... on level 3 of the Dungeon.
             The game lasted 00:02:23 (684 turns).

blackman the Slasher (Human Delver)                  Turns: 684, Time: 00:02:24

Health: -4/47      AC:  0    Str: 12    XL:     6   Next: 14%
Magic:  6/6        EV: 19    Int: 11    God:
Gold:   58         SH:  0    Dex: 21    Spells: 5/5 levels left

rFire   . . .      SeeInvis .    (weapon currently unavailable)
rCold   . . .      Faith    .    (shield currently unavailable)
rNeg    . . .      Spirit   .    (body armour currently unavailable)
rPois   .          Reflect  .    (helmet currently unavailable)
rElec   .          Harm     .    (cloak currently unavailable)
rCorr   .          Rampage  .    (gloves currently unavailable)
Will    .....                    (boots currently unavailable)
Stlth   +.........               j - amulet of regeneration
HPRegen 1.07/turn                (ring currently unavailable)
MPRegen 0.10/turn                (ring currently unavailable)

@: confused, bat-form, flying, very quick
A: fast, flying, no casting, tiny
a: no special abilities


You were on level 3 of the Dungeon.
You were a bat.
You visited 1 branch of the dungeon, and saw 3 of its levels.

You collected 58 gold pieces.

Inventory:

Hand Weapons
 a - a +0 falchion (melded)
 l - a +0 rapier
Missiles
 m - 5 poisoned darts (quivered)
Armour
 b - a +0 leather armour (melded)
Jewellery
 j - an amulet of regeneration (around neck)
Wands
 g - a wand of digging (3)
Scrolls
 c - a scroll of fog
 d - a scroll of magic mapping
 e - a scroll of fear
 h - a scroll of teleportation {unknown}
Potions
 f - a potion of haste
 i - a potion of lignification {unknown}
 k - a potion of attraction {unknown}
 o - a potion of invisibility {unknown}
 p - a potion of curing {unknown}


   Skills:
 - Level 3.0 Fighting
 + Level 5.9 Long Blades
 - Level 2.0 Dodging
 - Level 5.0 Stealth


You had 5 spell levels left.
You didn't know any spells.
Your spell library was empty.

Dungeon Overview and Level Annotations

Branches:
Dungeon (5/15)
 Temple: D:4-7

Altars:

Annotations:
D:3 Sigmund


Message History

You closely miss Sigmund.
Sigmund is heavily wounded.
Your transformation is almost over.
You barely miss Sigmund.
Sigmund is heavily wounded.
Sigmund closely misses you.
You hit Sigmund.
Sigmund is severely wounded.
You barely miss Sigmund.
Sigmund is severely wounded.
Sigmund gestures wildly while chanting.
Sigmund flickers and vanishes!
Deactivating autopickup; reactivate with Ctrl-A.
You closely miss something.
You hear some strange, mumbled words.
A magic dart appears from out of thin air!
The magic dart hits you!
You closely miss something. Something barely misses you.
You hit something but do no damage. You miss something. Something hits you!
You closely miss something. Something hits you!
You hit something but do no damage. You barely miss something.
You feel less batty.
Your +0 falchion unmelds from your body.
Your +0 leather armour unmelds from your body.
You hear some strange, mumbled words.
You are confused.
You completely miss something. Something hits you.
You barely miss something. Something hits you!
* * * LOW HITPOINT WARNING * * *
You hear a zap.
You turn into a bat.
Your +0 falchion melds into your body.
Your +0 leather armour melds into your body.
You bump into the rock wall.
Something hits you!
* * * LOW HITPOINT WARNING * * *
You bump into the rock wall.
Something hits you!
You die...

#......# #.##...#
#.##...##
######<##.....
#..........#....
#.##.####.)#.##.#
#.## #..#.# #
#.#.###..#
..###b# .... ##{#
###. .# #. .# #
.# (. !. .(


There were no monsters in sight!

Vanquished Creatures
  Eustachio (D:4)
  A jelly (D:4)
  2 adders (D:4)
  A worm (D:4)
  3 orcs
  A giant cockroach (D:4)
  A goblin (D:4)
  3 hobgoblins (D:4)
  3 jackals (D:4)
  A quokka (D:4)
17 creatures vanquished.

Notes
Turn   | Place    | Note
-------+----------+-------------------------------------------
     0 | D:5      | blackman the Human Delver began the quest for the Orb.
     0 | D:5      | Reached XP level 1. HP: 18/18 MP: 1/1
    36 | D:5      | Noticed a centaur
   146 | D:4      | Reached XP level 2. HP: 13/24 MP: 2/2
   269 | D:4      | Reached XP level 3. HP: 29/29 MP: 3/3
   370 | D:4      | Noticed Eustachio
   389 | D:4      | Reached XP level 4. HP: 8/35 MP: 4/4
   445 | D:4      | Killed Eustachio
   446 | D:4      | Reached skill level 5 in Long Blades
   446 | D:4      | Reached XP level 5. HP: 20/41 MP: 5/5
   446 | D:4      | Reached XP level 6. HP: 23/47 MP: 6/6
   629 | D:3      | Noticed Sigmund
   684 | D:3      | Slain by Sigmund

Illustrated notes

Levels and vault maps discovered:
D:3:      layout_loops_ring, makhleb_altar_promises_db, serial_shops,
          nicolae_shop_crystal, uniq_robin, uniq_terence, uniq_sigmund
D:4:      layout_cave_pools, uniq_eustachio
D:5:      layout_basic, gammafunk_ghost_abyssal_escape, bh_walls_and_bars

Skill      XL: |  1  2  3  4 |
---------------+-------------+-----
Long Blades    | 3 4 5 |  5.9
Fighting       | |  3.0
Dodging        | |  2.0
Stealth        | |  5.0

Action                   |  1- 3 |  4- 6 || total
-------------------------+-------+-------++-------
Melee: Falchion          |    51 |    25 ||    76
       Unarmed           |       |    25 ||    25
Throw: Javelin           |     3 |     6 ||     9
       Dart              |     1 |     7 ||     8
 Stab: Sleeping          |     1 |       ||     1
Armor: Leather armour    |     9 |     6 ||    15
       Skin              |       |     1 ||     1
Dodge: Dodged            |    36 |    24 ||    60

Table legend: (Time is in decaauts)
 A = Elapsed time spent in this place.
 B = Non-inter-level travel time spent in this place.
 C = Inter-level travel time spent in this place.
 D = Time resting spent in this place.
 E = Time spent auto-exploring this place.
 F = Levels seen in this place.
 G = Mean time per level.
                   A        B        C        D        E       F      G
               +--------+--------+--------+--------+--------+-----+--------+
         Total |    693 |    693 |      0 |      0 |    440 |   3 |  231.0 |
       Dungeon |    693 |    693 |      0 |      0 |    440 |   3 |  231.0 |
               +--------+--------+--------+--------+--------+-----+--------+

Top non-repeatable levels by time:
     D:4: 497 daAuts
     D:3: 154 daAuts
     D:5: 41 daAuts
